 Dungeon Crawl Stone Soup version 0.27-a0-1191-g601b473118 (webtiles) character file.

Game seed: 10138313373278843503

4762 agentchuck the Covert (level 10, -3/51 HPs)
             Began as a Spriggan Hunter on May 25, 2021.
             Was a Follower of Ashenzari.
             Shot with an arrow by a centaur (13 damage)
             ... on level 8 of the Dungeon.
             The game lasted 00:51:11 (11506 turns).

agentchuck the Covert (Spriggan Hunter)            Turns: 11506, Time: 00:51:11

Health: -3/51      AC:  3    Str:  9    XL:     10   Next: 23%
Magic:  11/11      EV: 25    Int: 14    God:    Ashenzari [*.....]
Gold:   122        SH:  0    Dex: 20    Spells: 8/9 levels left

rFire    . . .     SeeInvis +   w - +4 short sword (holy)
rCold    . . .     Faith    .   (shield restricted)
rNeg     + . .     Spirit   .   A - +1 robe "Polytheism of Ashenzari" {Dex+3 Stlth+, Elem, Cun} (curse)
rPois    .         Reflect  .   (helmet restricted)
rElec    .         Harm     .   (no cloak)
rCorr    .         Rampage  .   (gloves unavailable)
Will     +....                  (boots unavailable)
Stlth    +++++++...             (no amulet)
HPRegen  0.17/turn              N - ring of the Sublime Seer {rN+, Self, Range} (curse)
MPRegen  0.12/turn              (no ring)

@: very quick
A: very small, no large weapons, unfitting armour, see invisible, speed 3
a: Renounce Religion, Shatter the Chains


You were on level 8 of the Dungeon.
You worshipped Ashenzari.
Ashenzari was aware of your devotion.
You visited 1 branch of the dungeon, and saw 8 of its levels.

You collected 343 gold pieces.
You spent 221 gold pieces at shops.


Innate Abilities, Weirdness & Mutations

You are very small and have problems with some larger weapons.
You are too small for most types of armour.
You have supernaturally acute eyesight. (SInv)
You cover ground extremely quickly. (Speed+++)


   Skills:
 + Level 4.2(5.2) Fighting
 + Level 7.2 Short Blades
 + Level 8.9(9.9) Slings
 + Level 9.5(10.4) Dodging
 - Level 11.8(12.7) Stealth
 - Level 4.0 Evocations


You had 8 spell levels left.
You knew the following spells:

 Your Spells              Type           Power      Damage    Failure   Level
z - Corona                Hex            0%         N/A       28%         1

Your spell library contained the following spells:

 Spells                   Type           Power      Damage    Failure   Level
 Animate Skeleton         Necr           0%         N/A       28%         1
 Apportation              Tloc           0%         N/A       28%         1
 Magic Dart               Conj           0%         1d3       28%         1
 Summon Small Mammal      Summ           0%         N/A       28%         1
 Searing Ray              Conj           0%         3d3       41%         2
 Dazzling Flash           Conj/Hex       0%         N/A       65%         3
 Fulminant Prism          Conj/Hex       0%         3d6       96%         4
 Iskenderun's Mystic Bla  Conj/Tloc      0%         2d3       96%         4
 Bolt of Magma            Conj/Fire/Erth 0%         4d4       100%        5
 Iskenderun's Battlesphe  Conj           0%         2d6       100%        5
 Iron Shot                Conj/Erth      0%         9d1       100%        6
 Orb of Destruction       Conj           0%         N/A       100%        7
 Spellforged Servitor     Conj/Summ      0%         N/A       100%        7

Inventory:

Hand Weapons
 e - a +1 hunting sling
 q - a +1 short sword of protection
 w - a +4 short sword of holy wrath (weapon)
 y - a +0 scimitar
 B - a +0 rapier
Missiles
 a - 249 stones
 c - a curare-tipped dart {=f}
 d - 21 sling bullets
 l - 24 poisoned darts (quivered)
 n - 9 boomerangs
 u - a throwing net {=f}
Armour
 o - +0 steam dragon scales
 A - the cursed +1 robe "Polytheism of Ashenzari" (worn) {Dex+3 Stlth+, Elem, Cun}
   (You bought it in a shop on level 2 of the Dungeon)

   It affects your dexterity (+3).
   It makes you more stealthy.
   It has a curse which improves the following skills: Elements: Fire Magic, Ice
   Magic, Air Magic and Earth Magic.
   Cunning:   Dodging and Stealth.
Magical Staves
 v - a staff of poison
Jewellery
 H - an amulet of faith {!P}
 N - the cursed ring of the Sublime Seer (left hand) {rN+, Self, Range}
   (You found it on level 1 of the Dungeon)

   [ring of positive energy]

   It protects you from negative energy.
   It has a curse which improves the following skills: Introspection: Fighting
   and Spellcasting.
   Ranged Combat: Slings, Bows, Crossbows and Throwing.
Wands
 x - a wand of iceblast (11)
 z - a wand of mindburst (14)
Scrolls
 f - 2 scrolls of immolation {!r}
 g - 2 scrolls of enchant armour
 i - a scroll of vulnerability {!r}
 j - a scroll of fog
 k - a scroll of blinking
 p - 2 scrolls of amnesia
 C - 2 scrolls of magic mapping
 D - a scroll of summoning
Potions
 b - 2 potions of lignification {!q}
 h - 3 potions of brilliance
 m - 2 potions of heal wounds {@q2}
 r - a potion of berserk rage {!q}
 s - 2 potions of flight
 t - a potion of magic

Dungeon Overview and Level Annotations

Branches:
Dungeon (8/15)             Temple (0/1) D:5
   Lair: D:8-11

Altars:
Ashenzari
Dithmenos
Gozag
Nemelex Xobeh

Shops:
D:2 *[(?*   D:5 [*::   D:7 =

Annotations:
D:5 2 transporters, siradein's ghost, novice TrMo
D:6 Menkaure; Sigmund

...▒▒..##.....# ##.##.....##
)▒▒▒▒▒.##....## #.##.##...#
▒▒..▒▒.##....# ##.#...#...##
.░.⌠.▒.##....# ##.)##...>...#
..░...)#....## #...##......####
...▓.▒.....#.###...###........#
▒▒..░▒.#.......#..)..†.#......#
Z▒▒▒▒▒.##...........##.......##
...▒ ..##.......@.........####
..▒▒..###....D..§.§#......#
▒▒▒..# #..........##....## .
▒▒. #...§..(§######..# 5▒ ▒▒
#...§.....# #### ▒▒ #.....§...#
##..§.#...# #c..##.....
K...#####.#.


You could see a steam dragon and a centaur.


Message History

You see here a poisoned dart.
l - 22 poisoned darts (gained 1)
You see here a poisoned dart.
l - 23 poisoned darts (gained 1)
You see here a poisoned dart.
l - 24 poisoned darts (gained 1)
The steam dragon hisses angrily.
The steam dragon breathes steam at you. The ball of steam misses you.
You completely miss the steam dragon. The steam dragon barely misses you.
The steam dragon claws you.
You hit the steam dragon but do no damage.
The steam dragon breathes steam at you. The ball of steam hits you!!
You hear a shout! x2
You puncture the steam dragon!
The steam dragon is moderately wounded.
A centaur comes into view.
The steam dragon closely misses you. The steam dragon completely misses you.
You barely miss the steam dragon.
The steam dragon is moderately wounded.
You are engulfed in a cloud of scalding steam.
* * * LOW HITPOINT WARNING * * *
The steam dragon closely misses you. The steam dragon misses you.
The centaur wields a +0 shortbow.
The centaur shoots an arrow.
The arrow barely misses you.
The centaur shoots an arrow.
The arrow hits you!
* * * LOW HITPOINT WARNING * * *
The centaur shoots an arrow.
The arrow hits you!
You die...

Skill      XL: |  1  2  3  4  5  6  7  8  9 10 |
---------------+-------------------------------+-----
Stealth        | 3 4 6 7 8 9 11 | 11.8
Short Blades   | 1 3 5 6 7 |  7.2
Dodging        | 3 4 5 7 9 |  9.5
Slings         | 6 8 |  8.9
Fighting       | 3 4 |  4.2
Evocations     | 4 |  4.0

Action                   |  1- 3 |  4- 6 |  7- 9 | 10-12 || total
-------------------------+-------+-------+-------+-------++-------
Melee: Short sword       |   162 |    47 |   224 |    32 ||   465
 Fire: Hunting sling     |    39 |    32 |    40 |       ||   111
Throw: Dart              |       |    26 |   105 |    30 ||   161
       Stone             |       |       |     1 |       ||     1
       Boomerang         |       |       |    16 |       ||    16
       Throwing net      |       |       |     1 |     1 ||     2
Invok: Curse Item        |       |       |     2 |       ||     2
Evoke: Wand              |       |       |     2 |       ||     2
  Use: Potion            |     1 |       |     4 |       ||     5
       Scroll            |       |     4 |       |       ||     4
 Stab: Sleeping          |    20 |     6 |    14 |       ||    40
       Distracted        |       |       |     3 |       ||     3
       Held in net/web   |       |       |       |     1 ||     1
Armor: Robe              |    20 |     2 |     7 |     1 ||    30
       Steam dragon scal |       |       |     2 |       ||     2
Dodge: Dodged            |   124 |    26 |   157 |    36 ||   343

Levels and vault maps discovered:
D:1:      wander_arrival_chamber, layout_loops_ring,
          hellmonk_ecumenical_altar_slurped_away, minmay_tripent
D:2:      layout_loops_ring, serial_shops, shop, shop, nicolae_shop_stone, shop,
          shop, basic_altar
D:3:      layout_loops_ring
D:4:      layout_rooms, lemuel_doored_altar, dk_vineyard_3,
          kennysheep_small_spiral
D:5:      layout_basic, minmay_temple_entry_poolview, gammafunk_ghost_smash,
          serial_shops, nicolae_shop_statue_plus, shop, shop_statue,
          nicolae_shop_stone, minmay_fountain_box, kennysheep_path_1
D:6:      layout_loops_corners, nicolae_dithmenos_through_a_glass_darkly,
          serial_glass, glass_columns_a, glass_columns_a, uniq_blork_the_orc,
          uniq_menkaure, uniq_prince_ribbit1, uniq_sigmund
D:7:      layout_basic, serial_shops, shop, uniq_pikel
D:8:      minmay_the_grid_octo_2x2 [minmay_the_grid_octo_vomiting_pacman,
          minmay_the_grid_octo_clover_2, minmay_the_grid_octo_chip,
          minmay_the_grid_octo_prize_square_snowflake], layout_cave_pools,
          amcnicky_altar_gilded, nzn_hepliaklqana_mist_gate,
          chequers_serial_rivers_micro_c, hangedman_ranch

Notes
Turn   | Place    | Note
-------+----------+-------------------------------------------
     0 | D:1      | agentchuck the Spriggan Hunter began the quest for the Orb.
     0 | D:1      | Reached XP level 1. HP: 10/10 MP: 2/2
    54 | D:1      | Reached skill level 2 in Stealth
   280 | D:1      | Reached skill level 3 in Stealth
   307 | D:1      | Reached XP level 2. HP: 9/14 MP: 3/3
   515 | D:1      | Reached skill level 4 in Stealth
   701 | D:1      | Found a faded altar of an unknown god.
   961 | D:1      | Reached XP level 3. HP: 15/18 MP: 4/4
  1060 | D:1      | Reached skill level 5 in Stealth
  1534 | D:2      | Found Mukuelit's Magic Scroll Shoppe.
  1542 | D:2      | Found Egiruurr's Assorted Antiques.
  1607 | D:2      | Found Qoog's Antique Weapon Shoppe.
  1630 | D:2      | Found Giofiavieb's Antique Armour Shop.
  1875 | D:2      | Found an opulent altar of Gozag.
  1942 | D:2      | Found Fuuneeha's Assorted Antiques.
  1955 | D:2      | Bought a viscous emerald potion for 24 gold pieces
  1955 | D:2      | Bought an orange potion for 24 gold pieces
  2336 | D:2      | Reached skill level 6 in Stealth
  2454 | D:3      | Reached XP level 4. HP: 19/22 MP: 5/5
  2472 | D:3      | Reached skill level 1 in Short Blades
  2472 | D:3      | Reached skill level 3 in Dodging
  3243 | D:3      | Reached XP level 5. HP: 16/25 MP: 6/6
  3403 | D:3      | Reached skill level 2 in Short Blades
  3663 | D:4      | Reached skill level 4 in Dodging
  3663 | D:4      | Reached skill level 7 in Stealth
  3812 | D:4      | Found a broken altar of Ashenzari.
  3841 | D:4      | Became a worshipper of Ashenzari the Shackled
  4077 | D:5      | Entered Level 5 of the Dungeon
  4082 | D:5      | Found Vonautz's General Store.
  4082 | D:5      | Found Ziw Geph's Book Shoppe.
  4084 | D:5      | Noticed an ogre
  4105 | D:5      | Found Neussis's Book Boutique.
  4158 | D:5      | Noticed an ogre
  4212 | D:5      | Killed an ogre
  4213 | D:5      | Reached skill level 3 in Short Blades
  4213 | D:5      | Reached XP level 6. HP: 30/30 MP: 7/7
  4258 | D:5      | Found a staircase to the Ecumenical Temple.
  4266 | D:5      | Reached skill level 5 in Dodging
  4275 | D:5      | Bought 8 curare-tipped darts for 48 gold pieces
  4300 | D:5      | Reached skill level 8 in Stealth
  4315 | D:5      | Reached XP level 7. HP: 33/33 MP: 8/8
  4364 | D:5      | Reached skill level 4 in Short Blades
  4466 | D:5      | Found Baol's Armour Boutique.
  4513 | D:5      | Reached skill level 6 in Dodging
  4603 | D:5      | Reached skill level 9 in Stealth
  5519 | D:5      | Noticed siradein's ghost (novice TrMo)
  5521 | D:5      | Found a transporter.
  5523 | D:5      | Identified the +10 dire flail "Widowmaker" {protect, Drain
                  | rF++ Will+ Stlth+}
  5525 | D:5      | Found a transporter.
  5533 | D:5      | Reached skill level 5 in Short Blades
  5629 | D:5      | Reached skill level 7 in Dodging
  5629 | D:5      | Reached XP level 8. HP: 39/39 MP: 9/9
  6141 | D:5      | Learned a level 1 spell: Corona
  6220 | D:5      | Reached skill level 10 in Stealth
  6302 | D:5      | Reached skill level 5 in Slings
  6452 | D:6      | Reached skill level 2 in Fighting
  6653 | D:6      | Noticed Blork the orc
  6966 | D:6      | Noticed Menkaure
  7187 | D:6      | Found a shadowy altar of Dithmenos.
  7365 | D:6      | Noticed Sigmund
  7668 | D:6      | Reached skill level 3 in Fighting
  7668 | D:6      | Reached skill level 6 in Slings
  7668 | D:6      | Reached skill level 11 in Stealth
  7711 | D:6      | Reached XP level 9. HP: 44/44 MP: 10/10
  8159 | D:6      | Killed Blork the orc
  8599 | D:7      | Reached skill level 7 in Slings
  8599 | D:7      | Reached skill level 8 in Dodging
  8848 | D:7      | Found Mack's Jewellery Boutique.
  8925 | D:7      | Noticed Pikel
  9125 | D:7      | Reached skill level 1 in Evocations
  9242 | D:7      | Killed Pikel
  9243 | D:7      | Reached skill level 6 in Short Blades
  9243 | D:7      | Reached skill level 3 in Evocations
  9460 | D:2      | Bought a twisted robe for 125 gold pieces
  9460 | D:2      | Identified the +1 robe of Miracles {Dex+3 Stlth+} (You
                  | bought it in a shop on level 2 of the Dungeon)
  9980 | D:7      | Reached skill level 4 in Evocations
 10151 | D:8      | Reached skill level 8 in Slings
 10211 | D:8      | Reached * piety under Ashenzari
 10225 | D:8      | Found a sparkling altar of Nemelex Xobeh.
 10474 | D:8      | Noticed a centaur warrior
 10730 | D:8      | Noticed a tengu warrior
 10746 | D:8      | Noticed a cyclops
 10773 | D:8      | Reached skill level 9 in Dodging
 10781 | D:8      | Noticed a seven-headed hydra
 10782 | D:8      | Identified the +4 broad axe "Dysteit" {flame, Contam +Blink
                  | rC++ rN+}
 10782 | D:8      | Noticed a kobold demonologist
 10810 | D:8      | Reached XP level 10. HP: 51/51 MP: 11/11
 11059 | D:8      | Killed a tengu warrior
 11060 | D:8      | Reached skill level 4 in Fighting
 11060 | D:8      | Reached skill level 7 in Short Blades
 11506 | D:8      | Shot with an arrow by a centaur

Vanquished Creatures
  A tengu warrior (D:8)
  Pikel (D:7)
  A hornet (D:8)
  A shadow (D:6)
  2 steam dragons
  An orc warrior (D:5)
  An ice beast (D:8)
  2 sky beasts
  2 black bears
  3 ogres (D:5)
  3 lemures (D:7)
  3 necrophages
  3 phantoms (D:5)
  A kobold brigand (D:6)
  8 bullfrogs
  4 scorpions
  2 gnoll sergeants (D:8)
  Blork the orc (D:6)
  4 wights (D:7)
  2 howler monkeys
  A centaur zombie (D:8)
  2 hounds
  3 orc priests (D:5)
  A bullfrog skeleton (D:7)
  3 orc wizards
  A hound zombie (D:5)
  A hound skeleton (D:5)
  15 gnolls
  2 adders
  A white imp (D:5)
  3 ufetubi
  An adder skeleton (D:4)
  3 dart slugs
  20 orcs
  6 ball pythons
  5 endoplasms
  3 giant cockroaches
  8 goblins
  8 hobgoblins
  3 quokkas (D:1)
  9 bats
  7 frilled lizards
  10 kobolds
  8 rats
170 creatures vanquished.

Vanquished Creatures (others)
  3 plants (D:8)
3 creatures vanquished.

Grand Total: 173 creatures vanquished

Table legend: (Time is in decaauts)
 A = Elapsed time spent in this place.
 B = Non-inter-level travel time spent in this place.
 C = Inter-level travel time spent in this place.
 D = Time resting spent in this place.
 E = Time spent auto-exploring this place.
 F = Levels seen in this place.
 G = Mean time per level.
                   A        B        C        D        E       F      G
               +--------+--------+--------+--------+--------+-----+--------+
         Total |   8725 |   8091 |    634 |   3124 |   1706 |   8 | 1090.6 |
       Dungeon |   8725 |   8091 |    634 |   3124 |   1706 |   8 | 1090.6 |
               +--------+--------+--------+--------+--------+-----+--------+

Top non-repeatable levels by time:
     D:5: 1881 daAuts
     D:6: 1454 daAuts
     D:7: 1299 daAuts
     D:1: 1231 daAuts
     D:3: 765 daAuts
     D:8: 755 daAuts
     D:2: 728 daAuts
     D:4: 608 daAuts

Table legend:
 A = Non-vault XP
 B = Vault XP
 C = Vault XP percentage of total XP
 D = Non-vault monster count
 E = Vault monster count
 F = Vault count percentage of total count
                 A         B        C        D         E       F
            +---------+---------+-------+---------+---------+-------
      Total |    4483 |    2321 |  34.1 |     153 |      14 |   8.4
            +---------+---------+-------+---------+---------+-------
        D:1 |      52 |       5 |   8.8 |      33 |       3 |   8.3
        D:2 |      29 |       0 |   0.0 |      18 |       0 |   0.0
        D:3 |     158 |       0 |   0.0 |      21 |       0 |   0.0
        D:4 |      59 |       0 |   0.0 |       7 |       0 |   0.0
        D:5 |    1489 |       0 |   0.0 |      32 |       0 |   0.0
        D:6 |    1249 |      81 |   6.1 |      19 |       1 |   5.0
        D:7 |     630 |     607 |  49.1 |      11 |       1 |   8.3
        D:8 |     817 |    1628 |  66.6 |      12 |       9 |  42.9
            +---------+---------+-------+---------+---------+-------
